 Dungeon Crawl Stone Soup version 0.30-a0-719-gcc4359ea44 (webtiles) character file.

Game seed: 2015704252634080437

581 hikkokomori the Shield-Bearer (level 7, -1/38 HPs)
             Began as a Vine Stalker Fighter on Jan 27, 2023.
             Was an Initiate of Okawaru.
             Slain by a gnoll
             ... wielding a +0 antimagic flail
             ... led by a gnoll bouda
              (5 damage)
             ... on level 4 of the Dungeon.
             The game lasted 00:04:55 (3858 turns).

hikkokomori the Shield-Bearer (VSFi)                Turns: 3858, Time: 00:04:56

Health: -1/38      AC:  7    Str: 21    XL:     7   Next: 36%
Magic:  0/8        EV:  9    Int:  8    God:    Okawaru [......]
Gold:   211        SH:  5    Dex: 13    Spells: 6/6 levels left

rFire   + . .      SeeInvis .    a - +1 flail
rCold   . . .      Faith    .    c - +0 buckler
rNeg    . . .      Spirit   +    b - +0 scale mail
rPois   .          Reflect  .    (no helmet)
rElec   .          Harm     .    n - scarf {+Inv}
rCorr   .          Rampage  .    (no gloves)
Will    .....                    (no boots) Stlth
                                 j - amulet of magic regeneration
HPRegen 1.06/turn                v - ring of protection from fire
MPRegen 0.51/turn                (no ring)

@: no status effects
A: fangs 2, regeneration 1, magic shield, antimagic bite, no potion heal 2
a: Renounce Religion, Evoke Invisibility


You were on level 4 of the Dungeon.
You worshipped Okawaru.
Okawaru was noncommittal.
You visited 2 branches of the dungeon, and saw 6 of its levels.

You collected 211 gold pieces.

Inventory:

Hand Weapons
 a - a +1 flail (weapon)
Missiles
 e - a throwing net (quivered)
Armour
 b - a +0 scale mail (worn)
 c - a +0 buckler (worn)
 n - a scarf of invisibility (worn)
Jewellery
 j - an amulet of magic regeneration (around neck)
 p - a ring of ice
 v - a ring of protection from fire (left hand)
Wands
 l - a wand of digging (4)
Scrolls
 f - a scroll of enchant armour {unknown}
 h - a scroll of identify
 m - 2 scrolls of torment
 o - a scroll of immolation
 q - 2 scrolls of noise
 u - 3 scrolls of teleportation
Potions
 d - a potion of might
 g - a potion of attraction {unknown}
 i - 3 potions of flight {unknown}
 k - 7 potions of brilliance {unknown}
 t - a potion of haste
 w - a potion of ambrosia {unknown}


   Skills:
 + Level 4.3 Fighting
 + Level 3.8 Maces & Flails
 - Level 3.8 Armour
 + Level 0.7 Dodging
 + Level 4.3 Shields


You had 6 spell levels left.
You didn't know any spells.
Your spell library contained the following spells:

 Spells                   Type           Power      Damage    Failure   Level
 Apportation              Tloc           0%         N/A       83%         1
 Alistair's Intoxication  Tmut/Pois      0%         N/A       100%        5


Dungeon Overview and Level Annotations

Branches:
Dungeon (5/15)             Temple (1/1) D:4

Altars:
Ashenzari
Cheibriados
Dithmenos
Elyvilon
Fedhas
Gozag
Hepliaklqana
Kikubaaqudgha
Makhleb
Nemelex Xobeh
Okawaru
Qazlal
Ru
Sif Muna
Trog
Uskayaw
Vehumet
Wu Jian
Xom
Yredelemnul
Zin
The Shining One

Annotations:
D:4 1 runed translucent door, osoart's ghost, amateur MiGl


Innate Abilities, Weirdness & Mutations

You have extremely sharp teeth.
Your natural rate of healing is unusually fast.
When hurt, damage is shared between your health and your magic reserves.
Your bite disrupts and absorbs the magic of your enemies.
Potions cannot restore your health.


Message History

You climb downwards.
The iguana hisses angrily.
A gnoll comes into view. It is wielding a +0 flail.
You block the gnoll's attack.
The gnoll hits you with a +0 antimagic flail!
You feel your power leaking away. You block the gnoll's attack. x2
The gnoll bouda barks out a call to the hunt!
The gnolls pick up the pace!
You hear a shout!
There is a stone staircase leading up here.
The gnoll shouts!
You hear a shout!
The gnoll hits you with a +0 spear. The gnoll barely misses you.
The gnoll hits you but does no damage. You block the gnoll's attack.
You climb upwards.
Level annotation: 1 runed translucent door, osoart's ghost, amateur MiGl
There is a stone staircase leading down, spattered with blood here.
You sock the gnoll!
You kill the gnoll!
Okawaru accepts your kill. The gnoll hits you with a +0 spear.
The gnoll hits you with a +0 antimagic flail.
You feel your power leaking away. The gnoll closely misses you.
You thump the gnoll! You bite the gnoll, but do no damage.
The gnoll is almost dead.
The gnoll closely misses you.
The gnoll hits you with a +0 antimagic flail.
You feel your power leaking away. The gnoll barely misses you.
The gnoll attacks as you move away! The gnoll hits you with a +0 spear!
The gnoll hits you but does no damage.
The gnoll hits you with a +0 antimagic flail!
* * * LOW HITPOINT WARNING * * *
You feel your power leaking away. The gnoll hits you but does no damage.
The gnoll attacks as you move away! The gnoll hits you with a +0 whip!
* * * LOW HITPOINT WARNING * * *
The gnoll hits you with a +0 antimagic flail.
You die...

#..#....b....###...##.# # ####
#..#.........##.....#.# # ...#
#.....<.....####...##.# # ##.#
####........# ##.###.# # #.#
##.......#####.###.# #.#
#...g.............# #.#
#...g>..#####'##### ##.#####
####g#### ##...## #......# ##@#
##.....## #..###.# ##..#
##.......##
...###.#######...####...b.....###
.........................b....'..
....##.#######....##..........###
#......# ##..#.##.#.......##
###.#### #...#....##.....##
###################..###...##
..................)..# ##'##


You could see 3 gnolls.

Vanquished Creatures
  A black bear (D:4)
  An ogre (D:4)
  A scorpion (D:4)
  A necrophage (D:4)
  An iguana (D:2)
  An orc wizard (D:3)
  Terence (D:2)
  Robin (D:2)
  5 adders
  5 gnolls
  5 dart slugs
  6 orcs
  4 bats
  7 endoplasms
  3 giant cockroaches
  7 goblins
  12 hobgoblins
  4 jackals
  7 quokkas
  10 ball pythons
  4 frilled lizards
  5 kobolds
  6 rats
98 creatures vanquished.

Vanquished Creatures (others)
  2 fungi (D:2)
  2 plants (D:2)
4 creatures vanquished.

Grand Total: 102 creatures vanquished

Notes
Turn   | Place    | Note
-------+----------+-------------------------------------------
     0 | D:1      | hikkokomori the Vine Stalker Fighter began the quest for
                  | the Orb.
     0 | D:1      | Reached XP level 1. HP: 11/11 MP: 2/2
    92 | D:1      | Reached XP level 2. HP: 16/16 MP: 3/3
   157 | D:1      | Reached XP level 3. HP: 19/20 MP: 4/4
   549 | D:2      | Noticed Robin
   555 | D:2      | Killed Robin
   556 | D:2      | Gained mutation: Your natural rate of healing is unusually
                  | fast. [Vine Stalker growth]
   556 | D:2      | Reached XP level 4. HP: 22/24 MP: 5/5
   693 | D:2      | Noticed Terence
   707 | D:2      | Killed Terence
  1043 | D:2      | Reached XP level 5. HP: 12/28 MP: 4/6
  1145 | D:2      | Found a faded altar of an unknown god.
  1673 | D:3      | Found a bloodstained altar of Trog.
  1972 | D:3      | Reached XP level 6. HP: 32/33 MP: 7/7
  2302 | D:4      | Found a runed translucent door.
  2541 | D:4      | Found a staircase to the Ecumenical Temple.
  2546 | D:4      | Noticed a black bear
  2562 | D:4      | Killed a black bear
  2571 | D:4      | Reached XP level 7. HP: 20/37 MP: 8/8
  2580 | Temple   | Entered the Ecumenical Temple
  3039 | Temple   | Became a worshipper of Warmaster Okawaru
  3094 | D:5      | Entered Level 5 of the Dungeon
  3190 | D:4      | Noticed osoart's ghost (amateur MiGl)
  3539 | D:4      | Found a hazy altar of Hepliaklqana.
  3858 | D:4      | Slain by a gnoll

Illustrated notes

Levels and vault maps discovered:
D:1:      dpeg_arrival_tiny_a, layout_rooms
D:2:      layout_rooms, shapermc_ecumenical_altar_mp_ritualfount,
          serial_co_window_serial, co_window_paths_a, co_window_paths_a,
          co_window_paths_a, co_window_paths_b, co_window_paths_a,
          co_window_paths_a, co_window_paths_a, co_window_paths_c,
          co_window_broadway_c, co_window_corner_b, co_window_2corner,
          co_window_corner_b, co_window_broadway_c, glass_columns_a,
          glass_columns_a, glass_columns_b, st_stairs_9,
          hangedman_abyss_or_decor_lesser_grid, eino_tiny_chamber, uniq_terence,
          uniq_robin
D:3:      layout_loops_corners, trog_book, serial_rivers,
          chequers_serial_rivers_micro_e, chequers_serial_rivers_small_a,
          chequers_serial_rivers_micro_a, chequers_serial_rivers_marsh,
          chequers_serial_rivers_marsh, chequers_serial_rivers_micro_d
D:4:      layout_loops_corners, lemuel_coloured_pillars_altar,
          minmay_temple_entry_butterflies, ebering_ghost_sewer_d
D:5:      layout_layer_cave, uniq_sigmund
Temple:   mainiacjoe_temple_big_plus

Skill      XL: |  1  2  3  4  5  6 |
---------------+-------------------+-----
Maces & Flails | 2 3 |  3.8
Shields        | 3 4 |  4.3
Fighting       | 3 4 |  4.3
Armour         | 3 |  3.8
Dodging        | |  0.7

Action                     |  1- 3 |  4- 6 |  7- 9 || total
---------------------------+-------+-------+-------++-------
  Melee: Flail             |    86 |   185 |    32 ||   303
         Bite              |    14 |    42 |    10 ||    66
    Use: Scroll            |       |       |     9 ||     9
 Armour: Scale mail        |    41 |    74 |    12 ||   127
  Dodge: Dodged            |    28 |    90 |    11 ||   129
  Block: Buckler           |    16 |    40 |     7 ||    63

Table legend: (Time is in decaauts)
 A = Elapsed time spent in this place.
 B = Non-inter-level travel time spent in this place.
 C = Inter-level travel time spent in this place.
 D = Time resting spent in this place.
 E = Time spent auto-exploring this place.
 F = Levels seen in this place.
 G = Mean time per level.
                   A        B        C        D        E       F      G
               +--------+--------+--------+--------+--------+-----+--------+
         Total |   3957 |   3740 |    217 |      0 |   3049 |   6 |  659.5 |
       Dungeon |   3459 |   3342 |    117 |      0 |   2661 |   5 |  691.8 |
        Temple |    497 |    397 |    100 |      0 |    388 |   1 |  497.0 |
               +--------+--------+--------+--------+--------+-----+--------+

Top non-repeatable levels by time:
     D:4: 1156 daAuts
     D:3: 979 daAuts
     D:2: 812 daAuts
     D:1: 506 daAuts
  Temple: 497 daAuts
     D:5: 4 daAuts
